 Dungeon Crawl Stone Soup version 0.29.1-1-gd02db6906a (webtiles) character file.

Game seed: 13121825556431610060

55 FastidiousMonk the Magician (level 3, -3/28 HPs)
             Began as a Gnoll Wanderer on Oct 6, 2022.
             Slain by an orc
             ... wielding a +0 hand axe
              (5 damage)
             ... on level 2 of the Dungeon.
             The game lasted 00:07:49 (1670 turns).

FastidiousMonk the Magician (Gnoll Wanderer)        Turns: 1670, Time: 00:07:49

Health: -3/28      AC:  3    Str: 15    XL:     3   Next: 93%
Magic:  20/20      EV: 11    Int:  8    God:
Gold:   58         SH:  0    Dex: 12    Spells: 16/16 levels left

rFire   . . .      SeeInvis .   a - +0 hand axe
rCold   . . .      Faith    .   (no shield)
rNeg    . . .      Spirit   .   e - +0 leather armour
rPois   .          Reflect  .   (no helmet)
rElec   .          Harm     .   (no cloak)
rCorr   .          Rampage  .   (no gloves)
Will    .....                   (no boots)
Stlth   ++........              (no amulet)
HPRegen 0.09/turn               j - ring of magical power
MPRegen 0.17/turn               (no ring)

@: lethally poisoned (-3 -> -4)
A: fangs 1, strong nose, distributed training
a: no special abilities


You were on level 2 of the Dungeon.
You visited 1 branch of the dungeon, and saw 2 of its levels.

You collected 58 gold pieces.

Inventory:

Hand Weapons
 a - a +0 hand axe (weapon)
Missiles
 b - 14 poisoned darts (quivered)
 c - 26 stones
Armour
 e - a +0 leather armour (worn)
Jewellery
 j - a ring of magical power (left hand)
Scrolls
 f - a scroll of fear {unknown}
 g - a scroll of summoning {unknown}
 h - a scroll of teleportation {unknown}
 k - a scroll of enchant weapon {unknown}
 l - a scroll of blinking {unknown}
 m - a scroll of identify {unknown}
Potions
 d - a potion of haste
 i - a potion of brilliance {unknown}


   Skills:
 + Level 2.7 Fighting
 + Level 1.0 Short Blades
 + Level 1.0 Long Blades
 + Level 4.6 Axes
 + Level 1.0 Maces & Flails
 + Level 1.0 Polearms
 + Level 1.0 Staves
 + Level 1.0 Ranged Weapons
 + Level 4.6 Throwing
 + Level 1.0 Armour
 + Level 1.0 Dodging
 + Level 2.5 Stealth
 + Level 1.0 Shields
 + Level 1.0 Unarmed Combat
 + Level 7.2 Spellcasting
 + Level 0.7 Conjurations
 + Level 0.7 Hexes
 + Level 0.7 Summonings
 + Level 0.7 Necromancy
 + Level 0.7 Translocations
 + Level 0.7 Transmutations
 + Level 0.7 Fire Magic
 + Level 0.7 Ice Magic
 + Level 0.7 Air Magic
 + Level 0.7 Earth Magic
 + Level 0.7 Poison Magic
 + Level 1.1 Invocations
 + Level 1.0 Evocations


You had 16 spell levels left.
You didn't know any spells.
Your spell library contained the following spells:

 Spells                   Type           Power      Damage    Failure   Level
 Shock                    Conj/Air       16%        1d4       19%         1
 Slow                     Hex            16%        N/A       19%         1
 Summon Small Mammal      Summ           16%        N/A       19%         1
 Call Canine Familiar     Summ           4%         N/A       50%         3
 Conjure Flame            Conj/Fire      4%         6-21      50%         3
 Ignite Poison            Fire/Tmut/Pois 4%         N/A       50%         3
 Summon Guardian Golem    Hex/Summ       4%         N/A       50%         3
 Tukima's Dance           Hex            4%         N/A       50%         3
 Passage of Golubria      Tloc           4%         N/A       88%         4
 Yara's Violent Unravell  Hex/Tmut       2%         3d3       99%         5


Dungeon Overview and Level Annotations

Branches:
Dungeon (2/15)

Altars:


Innate Abilities, Weirdness & Mutations

You have very sharp teeth.
Your uncanny sense of smell can sniff out nearby items.
Your experience applies equally to all skills.


Message History

You hit the bat.
You kill the bat!
No target in view!
Found a stone staircase leading up.
An orc comes into view. It is wielding a +0 hand axe.
The orc shouts!
You hear an angry hiss.
An adder comes into view.
A kobold comes into view. It is wielding a +0 dagger.
The orc hits you with a +0 hand axe.
You are too injured to fight recklessly!
You are too injured to fight recklessly!
You are too injured to fight recklessly!
You are too injured to fight recklessly!
You miss the adder. You closely miss the orc. The adder bites you.
You are poisoned.
The adder poisons you! The orc hits you with a +0 hand axe.
The adder barely misses you.
You hit the adder but do no damage. You hit the orc but do no damage.
You feel sick. The adder bites you. The orc closely misses you.
You closely miss the adder. You hit the orc.
You feel sick. The adder closely misses you. The orc barely misses you.
The adder barely misses you.
You barely miss the adder. Your bite misses the adder. You hit the kobold.
You closely miss the orc.
You feel sick. The kobold barely misses you. The orc barely misses you.
The adder bites you.
You hit the adder.
The adder is lightly wounded.
You barely miss the orc. You barely miss the kobold.
You feel sick. The adder closely misses you.
The orc hits you with a +0 hand axe.
* * * LOW HITPOINT WARNING * * *
The kobold hits you with a +0 dagger.
* * * LOW HITPOINT WARNING * * *
You hit the adder but do no damage.
The adder is lightly wounded.
You hit the orc but do no damage. You hit the kobold.
You kill the kobold!
You feel sick. The adder bites you.
* * * LOW HITPOINT WARNING * * *
The orc hits you with a +0 hand axe.
You die...

##......## ##........##
#..........# #..........#
#..........# #..........#
###### #.....o....# #....#
#....S@..# #....# #....)...###
#....# #...........# #....#
............# ###....# ###
............###......# ..#
.....................# #..
#...........####.....# #.###..
........†.#.####.....#
.............................<#


You could see an adder and an orc.

Vanquished Creatures
  An adder (D:2)
  A dart slug (D:2)
  5 ball pythons (D:1)
  4 endoplasms
  5 giant cockroaches
  2 goblins
  6 hobgoblins (D:1)
  A quokka (D:1)
  5 bats
  2 frilled lizards (D:1)
  7 kobolds
  3 rats (D:1)
42 creatures vanquished.

Notes
Turn   | Place    | Note
-------+----------+-------------------------------------------
     0 | D:1      | FastidiousMonk the Gnoll Wanderer began the quest for the
                  | Orb.
     0 | D:1      | FastidiousMonk set off with the following items: a +0 hand
                  | axe, 11 poisoned darts, a +0 dagger, a potion of haste, a
                  | +0 leather armour; and the following spells available to
                  | memorise: Shock, Slow, Conjure Flame, Ignite Poison.
     0 | D:1      | Reached XP level 1. HP: 17/17 MP: 8/8
   150 | D:1      | Reached XP level 2. HP: 12/23 MP: 10/10
   667 | D:1      | Reached XP level 3. HP: 23/28 MP: 11/11
   921 | D:1      | Found a faded altar of an unknown god.
   938 | D:1      | Reached skill level 1 in Invocations
  1464 | D:2      | Reached skill level 1 in Short Blades
  1464 | D:2      | Reached skill level 1 in Long Blades
  1464 | D:2      | Reached skill level 1 in Maces & Flails
  1464 | D:2      | Reached skill level 1 in Polearms
  1464 | D:2      | Reached skill level 1 in Staves
  1464 | D:2      | Reached skill level 1 in Ranged Weapons
  1464 | D:2      | Reached skill level 1 in Armour
  1464 | D:2      | Reached skill level 1 in Dodging
  1464 | D:2      | Reached skill level 1 in Shields
  1464 | D:2      | Reached skill level 1 in Unarmed Combat
  1464 | D:2      | Reached skill level 1 in Evocations
  1670 | D:2      | Slain by an orc

Illustrated notes

Levels and vault maps discovered:
D:1:      dpeg_arrival_three_same_balls, layout_rooms,
          shapermc_ecumenical_altar_starsandcircs
D:2:      layout_rooms

Skill      XL: |  1  2  3 |
---------------+----------+-----
Invocations    | 1 |  1.1
Short Blades   | 1 |  1.0
Long Blades    | 1 |  1.0
Maces & Flails | 1 |  1.0
Polearms       | 1 |  1.0
Staves         | 1 |  1.0
Ranged Weapons | 1 |  1.0
Armour         | 1 |  1.0
Dodging        | 1 |  1.0
Shields        | 1 |  1.0
Unarmed Combat | 1 |  1.0
Evocations     | 1 |  1.0
Fighting       | |  2.7
Axes           | |  4.6
Throwing       | |  4.6
Stealth        | |  2.5
Spellcasting   | |  7.2
Conjurations   | |  0.7
Hexes          | |  0.7
Summonings     | |  0.7
Necromancy     | |  0.7
Translocations | |  0.7
Transmutations | |  0.7
Fire Magic     | |  0.7
Ice Magic      | |  0.7
Air Magic      | |  0.7
Earth Magic    | |  0.7
Poison Magic   | |  0.7

Action                   || total
-------------------------++-------
Melee: Hand axe          ||   126
       Bite              ||     9
       Punch             ||     3
 Stab: Sleeping          ||     4
Armor: Leather armour    ||    34
Dodge: Dodged            ||    81
